TOP OF THE 1ST |
Richland Rails batting - Pitching for Ft. Polk South Thunder Hawks : RHP Esteban González
|
Pitching: RHP Esteban González
|
|
Batting: LHB Roberto Soto
|
0-0: Called Strike 0-1: Foul Ball, location: 2F 0-2: Ball 1-2: Ground out 6-3 (Groundball, 6M)
|
Batting: LHB Chris Stoltzfus
|
0-0: Ball 1-0: Swinging Strike 1-1: Called Strike 1-2: Ball 2-2: Foul Ball, location: 2F 2-2: Ball 3-2: Base on Balls
|
Batting: RHB Jung-hwan Kwon
|
0-0: Ball 1-0: Called Strike 1-1: Ball 2-1: Fielders Choice at 2nd, 6-4 (Groundball, 56)
|
Batting: RHB Tony Justice
|
0-0: Ball 1-0: Ball 2-0: Called Strike 2-1: Foul Ball, location: 2F 2-2: SINGLE (Line Drive, 8LS) Jung-hwan Kwon to second
|
Batting: RHB Adrian Rodgers
|
0-0: DOUBLE (Line Drive, 7LD) Jung-hwan Kwon scores Tony Justice to third Runner from 3rd tries for Home, SAFE, no throw or cutoff
|
Batting: LHB Randy Schlosser
|
0-0: Ball 1-0: Ball 2-0: Swinging Strike 2-1: Swinging Strike 2-2: Ball 3-2: Base on Balls
|
Batting: RHB Justin MacPherson
|
0-0: Reached on Error, E9 (Flyball, 89S) Adrian Rodgers scores Randy Schlosser to third
|
Batting: RHB Ralph Gilbert
|
0-0: Called Strike 0-1: Ball 1-1: Foul Ball, location: 2F 1-2: SINGLE (Line Drive, 34D) Randy Schlosser scores Justin MacPherson to third Runner from 3rd tries for Home, SAFE, no throw or cutoff
|
Batting: RHB Vicente Cruz
|
0-0: Foul Ball, location: 2F 0-1: Ball 1-1: Ball 2-1: Called Strike 2-2: Ball 3-2: Ground out 5-3 (Groundball, 15S)
|
Top of the 1st over - 5 run(s), 3 hit(s), 1 error(s), 1 left on base; Richland 5 - Ft. Polk South 0 |
BOTTOM OF THE 1ST |
Ft. Polk South Thunder Hawks batting - Pitching for Richland Rails : LHP Bart Gresham
|
Pitching: LHP Bart Gresham
|
|
Batting: RHB Pablo Marrero
|
0-0: Ground out 6-3 (Groundball, 6)
|
Batting: RHB Ramón Valdéz
|
0-0: SINGLE (Flyball, 8LS)
|
Batting: RHB Keith Bane
|
0-0: SINGLE (Line Drive, 4MD) Ramón Valdéz to second
|
Batting: RHB Robbie Chambers
|
0-0: Ball Wild Pitch! Ramón Valdéz to third Keith Bane to second 1-0: Ball 2-0: Foul Ball, location: 2F 2-1: Foul Ball, location: 2F 2-2: Ball 3-2: Base on Balls
|
Batting: LHB Bryan Gregg
|
0-0: Ball 1-0: Ball 2-0: Ball 3-0: Base on Balls Ramón Valdéz scores Keith Bane to third Robbie Chambers to second
|
Batting: LHB Tom Benjamin
|
0-0: Called Strike 0-1: Ball 1-1: Ball 2-1: Called Strike 2-2: Foul Ball, location: 2F 2-2: Strikes out swinging
|
Batting: RHB Héctor López
|
0-0: Called Strike 0-1: Ball 1-1: Ground out 6-3 (Groundball, 56)
|
Bottom of the 1st over - 1 run(s), 2 hit(s), 0 error(s), 3 left on base; Richland 5 - Ft. Polk South 1 |
TOP OF THE 2ND |
Richland Rails batting - Pitching for Ft. Polk South Thunder Hawks : RHP Esteban González
|
Batting: LHB Roberto Soto
|
0-0: Called Strike 0-1: Called Strike 0-2: Foul Ball, location: 2F 0-2: Strikes out looking
|
Batting: LHB Chris Stoltzfus
|
0-0: Swinging Strike 0-1: Swinging Strike 0-2: Strikes out swinging
|
Batting: RHB Jung-hwan Kwon
|
0-0: Called Strike 0-1: Ball 1-1: Ball 2-1: Ball 3-1: Ground out 2-3 (Groundball, 2R)
|
Top of the 2nd over - 0 run(s), 0 hit(s), 0 error(s), 0 left on base; Richland 5 - Ft. Polk South 1 |
BOTTOM OF THE 2ND |
Ft. Polk South Thunder Hawks batting - Pitching for Richland Rails : LHP Bart Gresham
|
Batting: RHB Iván Hernández
|
0-0: Ball 1-0: Ball 2-0: Ball 3-0: Called Strike 3-1: Called Strike 3-2: Fly out, F9 (Line Drive, 89M)
|
Batting: RHB Jack Peck
|
0-0: Called Strike 0-1: Ball 1-1: Foul Ball, location: 2F 1-2: Strikes out looking
|
Batting: RHB Pablo Marrero
|
0-0: Ball 1-0: Fly out, F6 (Line Drive, 6)
|
Bottom of the 2nd over - 0 run(s), 0 hit(s), 0 error(s), 0 left on base; Richland 5 - Ft. Polk South 1 |
TOP OF THE 3RD |
Richland Rails batting - Pitching for Ft. Polk South Thunder Hawks : RHP Esteban González
|
Batting: RHB Tony Justice
|
0-0: Called Strike 0-1: Swinging Strike 0-2: Ball 1-2: Ball 2-2: Strikes out swinging
|
Batting: RHB Adrian Rodgers
|
0-0: Swinging Strike 0-1: Swinging Strike 0-2: Ball 1-2: Strikes out swinging
|
Batting: LHB Randy Schlosser
|
0-0: Foul Ball, location: 2F 0-1: Foul Ball, location: 2F 0-2: Ball 1-2: SINGLE (Flyball, 6MD)
|
Batting: RHB Justin MacPherson
|
0-0: Ball 1-0: Called Strike 1-1: SINGLE (Flyball, 78S) Randy Schlosser to second
|
Batting: RHB Ralph Gilbert
|
0-0: Ball 1-0: Foul Ball, location: 2F 1-1: Foul Ball, location: 2F 1-2: Strikes out swinging
|
Top of the 3rd over - 0 run(s), 2 hit(s), 0 error(s), 2 left on base; Richland 5 - Ft. Polk South 1 |
BOTTOM OF THE 3RD |
Ft. Polk South Thunder Hawks batting - Pitching for Richland Rails : LHP Bart Gresham
|
Batting: RHB Ramón Valdéz
|
0-0: Called Strike 0-1: Ball 1-1: Ball 2-1: Swinging Strike 2-2: Ball 3-2: Foul Ball, location: 2F 3-2: Strikes out swinging
|
Batting: RHB Keith Bane
|
0-0: Ball 1-0: Ground out 1-3 (Groundball, 13)
|
Batting: RHB Robbie Chambers
|
0-0: Foul Ball, location: 2F 0-1: Ground out 5-3 (Groundball, 5L)
|
Bottom of the 3rd over - 0 run(s), 0 hit(s), 0 error(s), 0 left on base; Richland 5 - Ft. Polk South 1 |
TOP OF THE 4TH |
Richland Rails batting - Pitching for Ft. Polk South Thunder Hawks : RHP Esteban González
|
Batting: RHB Vicente Cruz
|
0-0: SINGLE (Groundball, 56D)
|
Batting: LHB Roberto Soto
|
0-0: Ball 1-0: Ball 2-0: Ball 3-0: Called Strike 3-1: Called Strike 3-2: Fly out, F8 (Flyball, 8RM) 3-2: Fly out, F8 (Flyball, 8RM)
|
Batting: LHB Chris Stoltzfus
|
0-0: Called Strike Vicente Cruz steals 2nd base 0-1: Ball 1-1: Fly out, F8 (Flyball, 8RXD) Runner from 2nd tags up, SAFE at 3rd, no throw
|
Batting: RHB Jung-hwan Kwon
|
0-0: Called Strike 0-1: Ball 1-1: Foul Ball, location: 2F 1-2: Strikes out looking
|
Top of the 4th over - 0 run(s), 1 hit(s), 0 error(s), 1 left on base; Richland 5 - Ft. Polk South 1 |
BOTTOM OF THE 4TH |
Ft. Polk South Thunder Hawks batting - Pitching for Richland Rails : LHP Bart Gresham
|
Batting: LHB Bryan Gregg
|
0-0: Fly out, F8 (Flyball, 8LS)
|
Batting: LHB Tom Benjamin
|
0-0: Called Strike 0-1: Foul Ball, location: 2F 0-2: Foul Ball, location: 2F 0-2: SINGLE (Line Drive, 8RS)
|
Batting: RHB Héctor López
|
0-0: Ball 1-0: Called Strike 1-1: Foul Ball, location: 2F 1-2: Foul Ball, location: 2F 1-2: Ball 2-2: Strikes out swinging
|
Batting: RHB Iván Hernández
|
0-0: Ball 1-0: Swinging Strike Pickoff Throw to First - Out!
|
Bottom of the 4th over - 0 run(s), 1 hit(s), 0 error(s), 0 left on base; Richland 5 - Ft. Polk South 1 |
TOP OF THE 5TH |
Richland Rails batting - Pitching for Ft. Polk South Thunder Hawks : RHP Esteban González
|
Batting: RHB Tony Justice
|
0-0: Ball 1-0: Called Strike 1-1: Ball 2-1: Foul Ball, location: 2F 2-2: Ball 3-2: Fly out, F8 (Flyball, 8LD)
|
Pitching: RHP Randall McLean
|
|
Batting: RHB Adrian Rodgers
|
0-0: Ball 1-0: Foul Ball, location: 2F 1-1: Ground out 5-3 (Groundball, 5)
|
Batting: LHB Randy Schlosser
|
0-0: Ball 1-0: Ball 2-0: Called Strike 2-1: SINGLE (Groundball, 4MD)
|
Batting: RHB Justin MacPherson
|
0-0: Ball 1-0: Ball 2-0: Called Strike 2-1: Swinging Strike 2-2: Foul Ball, location: 2F 2-2: Strikes out swinging
|
Top of the 5th over - 0 run(s), 1 hit(s), 0 error(s), 1 left on base; Richland 5 - Ft. Polk South 1 |
BOTTOM OF THE 5TH |
Ft. Polk South Thunder Hawks batting - Pitching for Richland Rails : LHP Bart Gresham
|
Batting: RHB Iván Hernández
|
0-0: Ball 1-0: Swinging Strike 1-1: Ball 2-1: Foul Ball, location: 2F 2-2: SINGLE (Groundball, 4MD)
|
Batting: RHB Jack Peck
|
0-0: Ball 1-0: Ball 2-0: Foul Ball, location: 2F 2-1: Ball 3-1: Base on Balls Iván Hernández to second
|
Batting: RHB Pablo Marrero
|
0-0: Called Strike 0-1: Ball 1-1: Bunted foul 1-2: Ball 2-2: Fly out, F8 (Flyball, 8RM)
|
Batting: RHB Ramón Valdéz
|
0-0: Called Strike 0-1: Called Strike 0-2: Strikes out swinging
|
Batting: RHB Keith Bane
|
0-0: Ball 1-0: Foul Ball, location: 2F 1-1: Fielders Choice at 2nd, 5-4 (Groundball, 56)
|
Bottom of the 5th over - 0 run(s), 1 hit(s), 0 error(s), 1 left on base; Richland 5 - Ft. Polk South 1 |
TOP OF THE 6TH |
Richland Rails batting - Pitching for Ft. Polk South Thunder Hawks : RHP Randall McLean
|
Batting: RHB Ralph Gilbert
|
0-0: Ball 1-0: Fly out, F6 (Popup, 56)
|
Batting: RHB Vicente Cruz
|
0-0: Foul Ball, location: 2F 0-1: Ball 1-1: Fly out, F6 (Popup, 5L)
|
Batting: LHB Roberto Soto
|
0-0: Ball 1-0: Ball 2-0: Ground out 5-3 (Groundball, 5)
|
Top of the 6th over - 0 run(s), 0 hit(s), 0 error(s), 0 left on base; Richland 5 - Ft. Polk South 1 |
BOTTOM OF THE 6TH |
Ft. Polk South Thunder Hawks batting - Pitching for Richland Rails : LHP Bart Gresham
|
Batting: RHB Robbie Chambers
|
0-0: Ground out 4-3 (Groundball, 34S)
|
Batting: LHB Bryan Gregg
|
0-0: Ball 1-0: Foul Ball, location: 2F 1-1: Ball 2-1: Ball 3-1: Base on Balls
|
Batting: LHB Tom Benjamin
|
0-0: Ball 1-0: Ball 2-0: Foul Ball, location: 2F 2-1: SINGLE (Groundball, 4MD) (infield hit) Bryan Gregg to second
|
Batting: RHB Héctor López
|
0-0: Foul Ball, location: 2F 0-1: Called Strike 0-2: Ground out 4-3 (Groundball, 6M) Bryan Gregg to third Tom Benjamin to second
|
Batting: RHB Iván Hernández
|
0-0: Swinging Strike 0-1: Foul Ball, location: 2F 0-2: Ball 1-2: DOUBLE (Flyball, 9M) Bryan Gregg scores Tom Benjamin scores
|
Batting: RHB Jack Peck
|
0-0: Ball 1-0: Foul Ball, location: 2F 1-1: Ball 2-1: Swinging Strike 2-2: Ball 3-2: Base on Balls
|
Pitching: RHP Adrián Muńíz
|
|
Batting: RHB Pablo Marrero
|
0-0: Ball Wild Pitch! Iván Hernández to third Jack Peck to second 1-0: SINGLE (Flyball, 8LS) Iván Hernández scores Jack Peck to third Runner from 3rd tries for Home, SAFE, no throw or cutoff
|
Batting: RHB Ramón Valdéz
|
0-0: Ball Pablo Marrero steals 2nd base 1-0: Foul Ball, location: 2F 1-1: Ground out 6-3 (Groundball, 6M)
|
Bottom of the 6th over - 4 run(s), 3 hit(s), 0 error(s), 1 left on base; Richland 5 - Ft. Polk South 5 |
TOP OF THE 7TH |
Richland Rails batting - Pitching for Ft. Polk South Thunder Hawks : RHP Randall McLean
|
Batting: LHB Chris Stoltzfus
|
0-0: Ball 1-0: Called Strike 1-1: Foul Ball, location: 2F 1-2: Foul Ball, location: 2F 1-2: Strikes out looking
|
Batting: RHB Jung-hwan Kwon
|
0-0: Called Strike 0-1: Ball 1-1: Foul Ball, location: 2F 1-2: Foul Ball, location: 2F 1-2: Strikes out swinging
|
Batting: RHB Tony Justice
|
0-0: Called Strike 0-1: Ball 1-1: Swinging Strike 1-2: Strikes out swinging
|
Top of the 7th over - 0 run(s), 0 hit(s), 0 error(s), 0 left on base; Richland 5 - Ft. Polk South 5 |
BOTTOM OF THE 7TH |
Ft. Polk South Thunder Hawks batting - Pitching for Richland Rails : RHP Adrián Muńíz
|
Batting: RHB Keith Bane
|
0-0: Ball 1-0: Ball 2-0: Ball 3-0: Called Strike 3-1: Ground out 2-3 (Groundball, 25)
|
Batting: RHB Robbie Chambers
|
0-0: Called Strike 0-1: Ground out 4-3 (Groundball, 4)
|
Batting: LHB Bryan Gregg
|
0-0: Called Strike 0-1: Swinging Strike 0-2: Ball 1-2: Foul Ball, location: 2F 1-2: SINGLE (Flyball, 6MD)
|
Batting: LHB Tom Benjamin
|
0-0: Ball 1-0: Foul Ball, location: 2F 1-1: Ball 2-1: Called Strike 2-2: Ground out U3 (Groundball, 3L)
|
Bottom of the 7th over - 0 run(s), 1 hit(s), 0 error(s), 1 left on base; Richland 5 - Ft. Polk South 5 |
TOP OF THE 8TH |
Richland Rails batting - Pitching for Ft. Polk South Thunder Hawks : RHP Randall McLean
|
Batting: RHB Adrian Rodgers
|
0-0: Fly out, F8 (Flyball, 8LM)
|
Pinch Hitting: SHB Jasper Otto
|
0-0: Called Strike 0-1: Ball 1-1: SINGLE (Line Drive, 34D)
|
Pinch Runner at 1st Júlio Hernández:
|
|
Pinch Hitting: RHB Jack Davis
|
0-0: Called Strike Júlio Hernández steals 2nd base 0-1: Ball 1-1: Intentional Walk
|
Pinch Hitting: RHB Larry Brown
|
0-0: Ball 1-0: Ball Júlio Hernández steals 3rd base Jack Davis to second 2-0: Intentional Walk
|
Pinch Hitting: RHB Kazu Hishida
|
0-0: Ball 1-0: Ball 2-0: Foul Ball, location: 2F 2-1: Foul Ball, location: 2F 2-2: Strikes out swinging
|
Pitching: LHP Jim Unknown
|
|
Batting: LHB Roberto Soto
|
0-0: Called Strike 0-1: SINGLE (Groundball, 34D) Júlio Hernández scores Jack Davis to third Larry Brown to second Runner from 3rd tries for Home, SAFE, no throw or cutoff
|
Pinch Hitting: RHB Francisco Avelleyra
|
0-0: Called Strike 0-1: Ground out 4-3 (Groundball, 34)
|
Top of the 8th over - 2 run(s), 2 hit(s), 0 error(s), 2 left on base; Richland 7 - Ft. Polk South 5 |
BOTTOM OF THE 8TH |
Ft. Polk South Thunder Hawks batting - Pitching for Richland Rails : RHP Adrián Muńíz
|
Now at 1B: Jack Davis
|
|
Now at 2B: Kazu Hishida
|
|
Now at 3B: Larry Brown
|
|
Now in LF: Júlio Hernández
|
|
Now in CF: Roberto Madrid
|
|
Batting: RHB Héctor López
|
0-0: Called Strike 0-1: Ball 1-1: Ball 2-1: Fly out, F9 (Flyball, 9D)
|
Batting: RHB Iván Hernández
|
0-0: Called Strike 0-1: Ground out 4-3 (Groundball, 4)
|
Batting: RHB Jack Peck
|
0-0: Ball 1-0: Ball 2-0: Ball 3-0: Base on Balls
|
Batting: RHB Pablo Marrero
|
0-0: Ball 1-0: Ball 2-0: Called Strike 2-1: Fly out, F8 (Flyball, 8LM)
|
Bottom of the 8th over - 0 run(s), 0 hit(s), 0 error(s), 1 left on base; Richland 7 - Ft. Polk South 5 |
TOP OF THE 9TH |
Richland Rails batting - Pitching for Ft. Polk South Thunder Hawks : LHP Jim Unknown
|
Pitching: RHP Jim Unknown
|
|
Batting: RHB Jung-hwan Kwon
|
0-0: Ball 1-0: Ball 2-0: Ground out 5-3 (Groundball, 5)
|
Batting: RHB Tony Justice
|
0-0: Foul Ball, location: 2F 0-1: Foul Ball, location: 2F 0-2: Strikes out looking
|
Batting: RHB Adrian Rodgers
|
0-0: Ball 1-0: Reached on Error, E8 (Flyball, 8LM)
|
Batting: RHB Júlio Hernández
|
0-0: Ball 1-0: Ball 2-0: Ball 3-0: Base on Balls
|
Batting: RHB Jack Davis
|
0-0: Ball 1-0: Ball 2-0: Foul Ball, location: 2F 2-1: Foul Ball, location: 2F 2-2: 3-RUN HOME RUN (Flyball, 78XD), Distance : 394 ft
|
Batting: RHB Larry Brown
|
0-0: Ball 1-0: Called Strike 1-1: Ball 2-1: Ground out 6-3 (Groundball, 6)
|
Top of the 9th over - 3 run(s), 1 hit(s), 1 error(s), 0 left on base; Richland 10 - Ft. Polk South 5 |
BOTTOM OF THE 9TH |
Ft. Polk South Thunder Hawks batting - Pitching for Richland Rails : RHP Adrián Muńíz
|
Pitching: RHP Jim Unknown
|
|
Batting: RHB Ramón Valdéz
|
0-0: Ball 1-0: SINGLE (Line Drive, 7LS)
|
Batting: RHB Keith Bane
|
0-0: Ball 1-0: Called Strike 1-1: Called Strike 1-2: Grounds into double play, 6-4-3 (Groundball, 6)
|
Batting: RHB Robbie Chambers
|
0-0: Called Strike 0-1: Ball 1-1: Ground out U3 (Groundball, 3)
|
Bottom of the 9th over - 0 run(s), 1 hit(s), 0 error(s), 0 left on base; Richland 10 - Ft. Polk South 5 |
|